 Dungeon Crawl Stone Soup version 0.30-a0-187-gd9c2deaf24 (webtiles) character file.

Game seed: 9653658117281606939

42 zxpr0jk the Sneak (level 3, 0/24 HPs)
             Began as a Vampire Enchanter on Oct 3, 2022.
             Succumbed to an adder's poison
             ... on level 2 of the Dungeon.
             The game lasted 00:01:49 (519 turns).

zxpr0jk the Sneak (Vampire Enchanter)                Turns: 519, Time: 00:01:50

Health: 0/24       AC:  2    Str:  7    XL:     3   Next: 33%
Magic:  6/6        EV: 12    Int: 17    God:
Gold:   44         SH:  0    Dex: 16    Spells: 4/6 levels left

rFire   . . .      SeeInvis +    a - +1 dagger
rCold   . . .      Faith    .    (no shield)
rNeg    . . .      Spirit   .    b - +0 robe
rPois   .          Reflect  .    (no helmet)
rElec   .          Harm     .    (no cloak)
rCorr   .          Rampage  .    (no gloves)
Will    .....                    (no boots)
Stlth   +++.......               (no amulet)
HPRegen 0.44/turn                (no ring)
MPRegen 0.10/turn                (no ring)

@: lethally poisoned (0 -> -3), healing quickly
A: alive, fangs 3, see invisible, vampiric 2
a: Exsanguinate


You were on level 2 of the Dungeon.
You visited 1 branch of the dungeon, and saw 2 of its levels.

You collected 44 gold pieces.

Inventory:

Hand Weapons
 a - a +1 dagger (weapon)
Armour
 b - a +0 robe (worn)
Scrolls
 d - a scroll of poison {unknown}
 e - a scroll of teleportation {unknown}
Potions
 c - 2 potions of invisibility


   Skills:
 * Level 2.2 Short Blades
 - Level 2.1 Dodging
 * Level 5.3 Stealth
 + Level 2.3 Spellcasting
 + Level 4.8 Hexes


You had 4 spell levels left.
You knew the following spells:

 Your Spells              Type           Power      Damage    Failure   Level
a - Ensorcelled Hibernat  Hex/Ice        20%        N/A       11%         2

Your spell library contained the following spells:

 Spells                   Type           Power      Damage    Failure   Level
 Confusing Touch          Hex            18%        N/A       8%          3
 Tukima's Dance           Hex            18%        N/A       8%          3
 Sandblast                Erth           2%         2d4       19%         1
 Dazzling Flash           Conj/Hex       20%        N/A       21%         3
 Passwall                 Tmut/Erth      0%         N/A       28%         2
 Stone Arrow              Conj/Erth      2%         3d7       50%         3


Dungeon Overview and Level Annotations

Branches:
Dungeon (2/15)

Altars:


Innate Abilities, Weirdness & Mutations

Your natural rate of healing is accelerated.
You have razor-sharp teeth.
You have supernaturally acute eyesight. (SInv)
You are afflicted with vampirism and can become a bat while bloodless.


Message History

You closely miss the adder.
The adder is almost dead.
The adder closely misses you.
You hit the adder.
The adder is almost dead.
The adder bites you.
You are poisoned.
The adder poisons you!
You barely miss the adder.
The adder is almost dead.
You feel sick. The adder bites you.
You are more poisoned.
The adder poisons you!
You completely miss the adder.
The adder is almost dead.
You feel sick. The adder bites you. x2
You are lethally poisoned!
The adder poisons you!
You are too injured to fight recklessly!
You are too injured to fight recklessly!
You are too injured to fight recklessly!
You are too injured to fight recklessly!
You hit the adder.
You kill the adder!
You feel very sick.
Okay, then.
Keep bloodletting?
* * * LOW HITPOINT WARNING * * *
You feel very sick.
You begin bloodletting.
You continue bloodletting.
* * * LOW HITPOINT WARNING * * *
You feel sick.
You continue bloodletting.
* * * LOW HITPOINT WARNING * * *
You feel sick.
You continue bloodletting.
* * * LOW HITPOINT WARNING * * *
You feel sick.
You continue bloodletting.
You die...

#..####>#######.
#...............
####..####.########
#.....####.#
###.#........#
........######
P#####...##
....P#...##
#####.#.@.#
..#.#..# ###.#.#.#
#.#. .# . .^ .#
..... .# .# ### ##


There were no monsters in sight!

Vanquished Creatures
  An adder (D:2)
  A dart slug (D:1)
  3 bats (D:1)
  4 endoplasms (D:1)
  2 giant cockroaches (D:1)
  6 goblins
  2 jackals (D:1)
  A kobold (D:1)
  3 quokkas (D:1)
  A ball python (D:1)
  A rat (D:1)
25 creatures vanquished.

Notes
Turn   | Place    | Note
-------+----------+-------------------------------------------
     0 | D:1      | zxpr0jk the Vampire Enchanter began the quest for the Orb.
     0 | D:1      | Reached XP level 1. HP: 13/13 MP: 3/3
    58 | D:1      | Reached XP level 2. HP: 14/19 MP: 5/5
   145 | D:1      | Learned a level 2 spell: Ensorcelled Hibernation
   177 | D:1      | Reached skill level 5 in Stealth
   413 | D:1      | Gained mutation: You are afflicted with vampirism and can
                  | become a bat while bloodless. [Vampire growth]
   413 | D:1      | Reached XP level 3. HP: 20/24 MP: 6/6
   453 | D:1      | You fall into a shaft and drop 1 floor!
   518 | D:2      | HP: 1/24 [poisoned by an adder]
   519 | D:2      | Succumbed to an adder's poison

Illustrated notes

Levels and vault maps discovered:
D:1:      dpeg_arrival_prison, layout_rooms
D:2:      minmay_door_path, layout_loops_ring, basic_altar,
          shapermc_ecumenical_altar_rom_forum, minmay_tromino_v4_a

Skill      XL: |  1  2 |
---------------+-------+-----
Stealth        | 5 |  5.3
Short Blades   | 2 |  2.2
Dodging        | |  2.1
Spellcasting   | |  2.3
Hexes          | |  4.8

Action                   || total
-------------------------++-------
Melee: Dagger            ||    87
       Bite              ||     7
 Abil: Exsanguinate      ||     1
 Stab: Sleeping          ||     6
Armor: Robe              ||    17
Dodge: Dodged            ||    46

Table legend: (Time is in decaauts)
 A = Elapsed time spent in this place.
 B = Non-inter-level travel time spent in this place.
 C = Inter-level travel time spent in this place.
 D = Time resting spent in this place.
 E = Time spent auto-exploring this place.
 F = Levels seen in this place.
 G = Mean time per level.
                   A        B        C        D        E       F      G
               +--------+--------+--------+--------+--------+-----+--------+
         Total |    511 |    511 |      0 |      0 |    343 |   2 |  255.5 |
       Dungeon |    511 |    511 |      0 |      0 |    343 |   2 |  255.5 |
               +--------+--------+--------+--------+--------+-----+--------+

Top non-repeatable levels by time:
     D:1: 447 daAuts
     D:2: 63 daAuts
